[Event "Titled Tuesday Blitz June 22 2021"]
[White "Makhnev, Denis"]
[Black "Cardoso Cardoso, Jose Gabriel"]
[WhiteFideId "13707647"]
[BlackFideId "4430492"]
[WhiteElo "2549"]
[BlackElo "2343"]
[Result "1/2-1/2"]
[Round "05"]
[TimeControl "180+1"]
[Date "2021.06.22"]
[WhiteClock "0:00:24"]
[BlackClock "0:00:05"]

1. Nf3 Nf6 2. c4 e6 3. g3 d5 4. Bg2 dxc4 5. Qa4+ Nbd7 6. O-O a6 7. Qxc4 b5 8. Qc6 Rb8 9. a4 Bb7 10. Qc2 c5 11. axb5 axb5 12. Nc3 Be7 13. d3 Qb6 14. Bf4 Rc8 15. Qb3 Bc6 16. Ne5 Nxe5 17. Bxe5 Bxg2 18. Kxg2 b4 19. Bxf6 Bxf6 20. Ne4 Be7 21. Rfc1 O-O 22. Rc4 Rc7 23. Rac1 Rfc8 24. Qc2 Qb7 25. Kg1 f5 26. Nd2 Bd6 27. Nb3 Qd5 28. e4 fxe4 29. dxe4 Qg5 30. Qd2 Qxd2 31. Nxd2 Be7 32. e5 Rd8 33. Ne4 Rd3 34. Rxb4 Rd1+ 35. Rxd1 cxb4 36. Nd6 Rc2 37. b3 Rc3 38. Ra1 Rxb3 39. Ra8+ Bf8 40. Rb8 Rb1+ 41. Kg2 b3 42. f4 h6 43. f5 exf5 44. e6 Re1 45. Nxf5 Re2+ 46. Kf3 Rxe6 47. Rxb3 Rf6 48. Ke4 g6 49. Ne3 Re6+ 50. Kf3 h5 51. Rb7 Bh6 52. Nd5 Bg7 53. h4 Re5 54. Nf4 Kh7 55. Rd7 Kh6 56. Rd6 Rf5 57. Rxg6+ Kh7 58. Rg5 Rxg5 59. hxg5 Be5 60. Nxh5 Kg6 61. Kg4 Bc7 62. Nf4+ Kf7 63. Kf5 Ba5 64. Ne6 Bc3 65. g6+ Kg8 66. g4 Bb2 67. Nf4 Bc1 68. Nh5 Bb2 69. Nf6+ Kg7 70. Ne8+ Kg8 71. Nd6 Ba1 72. Nc4 Bc3 73. Ne5 Bb2 74. Kf6 Ba1 75. Ke6 Bc3 76. Nf3 Kg7 77. Nh4 Be1 78. Nf5+ Kxg6 79. g5 Kxg5 1/2-1/2


[Site "https://www.chess.com"]

[Event "Titled Tuesday Blitz June 22 2021"]
[White "Mamedyarov, Shakhriyar"]
[Black "Deepan Chakkravarthy J."]
[WhiteFideId "13401319"]
[BlackFideId "5011132"]
[WhiteElo "2716"]
[BlackElo "2490"]
[Result "1-0"]
[Round "05"]
[TimeControl "180+1"]
[Date "2021.06.22"]
[WhiteClock "0:00:15"]
[BlackClock "0:00:22"]

1. Nf3 Nf6 2. g3 d5 3. Bg2 c6 4. d3 Bf5 5. Nbd2 e6 6. O-O h6 7. Qe1 Be7 8. e4 Bh7 9. Qe2 O-O 10. Re1 Nbd7 11. e5 Ne8 12. h4 a5 13. Nf1 a4 14. Bf4 a3 15. b3 c5 16. c4 Nc7 17. N1h2 b5 18. Rad1 Rb8 19. Qd2 bxc4 20. dxc4 d4 21. Bxh6 gxh6 22. Qxh6 f6 23. Nxd4 cxd4 24. Rxd4 Rf7 25. Red1 Bf8 26. Qd2 fxe5 27. Rg4+ Kh8 28. Nf3 Nf6 29. Nxe5 Qe7 30. Qf4 Nxg4 31. Nxf7+ Kg8 32. Ng5 Nf6 33. g4 Rd8 34. Re1 Kh8 35. b4 Bg7 36. b5 Rf8 37. b6 Nce8 38. b7 Nd6 39. Rxe6 Qc7 40. Qxd6 Qxd6 41. Rxd6 Nxg4 42. Nf7+ Kg8 43. Bd5 Be5 44. Nxe5+ 1-0


[Site "https://www.chess.com"]

[Event "Titled Tuesday Blitz June 22 2021"]
[White "Materia, Marco"]
[Black "Siva Mahadevan"]
[WhiteFideId "45150451"]
[BlackFideId "25043153"]
[WhiteElo "2635"]
[BlackElo "2203"]
[Result "1-0"]
[Round "05"]
[TimeControl "180+1"]
[Date "2021.06.22"]
[WhiteClock "0:00:27"]
[BlackClock "0:00:07"]

1. Nf3 Nf6 2. c4 g6 3. Nc3 Bg7 4. e4 O-O 5. d4 d6 6. Be2 e5 7. d5 a5 8. Bg5 h6 9. Be3 Ng4 10. Bd2 f5 11. h3 Nf6 12. exf5 gxf5 13. O-O Na6 14. a3 Nc5 15. b4 axb4 16. axb4 Rxa1 17. Qxa1 Nb3 18. Qd1 Nxd2 19. Qxd2 Qe7 20. Rc1 f4 21. Nh4 Kh7 22. Qc2+ e4 23. Bf3 Re8 24. Re1 Kg8 25. Nxe4 Nxe4 26. Rxe4 Be5 27. Ng6 Qg5 28. Nxf4 Bf5 29. Ne6 Bxe4 30. Bxe4 Qe7 31. Qe2 Ra8 32. Qg4+ Kh8 33. g3 Qf6 34. Nxc7 Bd4 35. Bf3 Ra1+ 36. Kg2 Ra2 37. Qc8+ Kh7 38. Be4+ Kg7 39. Ne8+ Kf7 40. Qd7+ Kf8 41. Nxf6 Rxf2+ 42. Kh1 Rf1+ 43. Kh2 Rf2+ 44. Bg2 1-0


[Site "https://www.chess.com"]

[Event "Titled Tuesday Blitz June 22 2021"]
[White "Matinian, Nikita"]
[Black "Rodchenkov, Sergey D."]
[WhiteFideId "24129100"]
[BlackFideId "4168712"]
[WhiteElo "2410"]
[BlackElo "2306"]
[Result "0-1"]
[Round "05"]
[TimeControl "180+1"]
[Date "2021.06.22"]
[WhiteClock "0:01:44"]
[BlackClock "0:01:45"]

1. Nf3 Nf6 2. b3 b6 3. Bb2 Bb7 4. c4 e6 5. Nc3 d5 6. e3 Bd6 7. Be2 O-O 8. g4 c5 9. g5 Ne4 10. h4 Nc6 11. cxd5 Nxc3 12. dxc3 exd5 13. Qxd5 Qe7 14. Qf5 Ne5 15. O-O-O g6 16. Qh3 Rad8 17. h5 Nxf3 18. Bxf3 Bxf3 19. Qxf3 Qxg5 20. Rdg1 Qe7 21. Qh3 c4 22. hxg6 fxg6 23. Rxg6+ hxg6 24. Qh8+ Kf7 25. Rh7+ Ke8 26. Rf7 Rxh8 0-1


[Site "https://www.chess.com"]

[Event "Titled Tuesday Blitz June 22 2021"]
[White "Maung, Maung Kyaw Zaw Hein"]
[Black "Iskusnyh, Sergei"]
[WhiteFideId "13001698"]
[BlackFideId "4120027"]
[WhiteElo "1785"]
[BlackElo "2492"]
[Result "0-1"]
[Round "05"]
[TimeControl "180+1"]
[Date "2021.06.22"]
[WhiteClock "0:00:27"]
[BlackClock "0:00:17"]

1. Nf3 d5 2. d4 Nf6 3. c4 c6 4. Nc3 a6 5. cxd5 cxd5 6. Bf4 Nc6 7. e3 Bg4 8. Be2 e6 9. O-O Bd6 10. Bg3 O-O 11. Rc1 Bxg3 12. hxg3 Rc8 13. a3 Qe7 14. Na4 Ne4 15. Nc5 Nxc5 16. Rxc5 Bxf3 17. gxf3 Na7 18. b4 b6 19. Rxc8 Rxc8 20. Bxa6 Rc3 21. Qa4 g6 22. Be2 Kg7 23. Qa6 Qc7 24. Re1 Nc6 25. Bb5 Ne7 26. Kg2 Nf5 27. Bd3 Nd6 28. a4 Ra3 29. a5 bxa5 30. b5 Rxd3 31. b6 Qc4 32. Qxa5 Rb3 33. Qa7 Qc6 34. Rh1 Qxb6 35. Qe7 Nf5 36. g4 Nxe7 0-1


[Site "https://www.chess.com"]

[Event "Titled Tuesday Blitz June 22 2021"]
[White "Maximov, Dmitry"]
[Black "Vovk, Orest"]
[WhiteFideId "14105659"]
[BlackFideId "14113490"]
[WhiteElo "2494"]
[BlackElo "2203"]
[Result "1-0"]
[Round "05"]
[TimeControl "180+1"]
[Date "2021.06.22"]
[WhiteClock "0:00:24"]
[BlackClock "0:00:08"]

1. e4 Nc6 2. Nf3 d5 3. exd5 Qxd5 4. Nc3 Qa5 5. Bb5 Bd7 6. d4 O-O-O 7. Bd2 a6 8. Bc4 Qh5 9. d5 Ne5 10. Be2 Bg4 11. Nxe5 Qxe5 12. f3 Bf5 13. g4 Bd7 14. f4 Qd4 15. Bf3 h5 16. g5 g6 17. Qe2 Bg7 18. O-O-O Qb4 19. a3 Qb6 20. Be3 Qa5 21. Bd4 Bxd4 22. Rxd4 e6 23. Qe5 Ne7 24. Rhd1 Qb6 25. Rb4 Qd6 26. dxe6 Qxe5 27. exd7+ Rxd7 28. Bxb7+ Kd8 29. fxe5 Rxd1+ 30. Nxd1 Nf5 31. Be4 Nh4 32. Rb8+ 1-0


[Site "https://www.chess.com"]

[Event "Titled Tuesday Blitz June 22 2021"]
[White "Mekhitarian, Krikor Sevag"]
[Black "Padmini, Rout"]
[WhiteFideId "2107660"]
[BlackFideId "5029295"]
[WhiteElo "2598"]
[BlackElo "2196"]
[Result "1/2-1/2"]
[Round "05"]
[TimeControl "180+1"]
[Date "2021.06.22"]
[WhiteClock "0:00:02"]
[BlackClock "0:00:14"]

1. e4 c5 2. Nf3 e6 3. d4 cxd4 4. Nxd4 Nc6 5. Nc3 Qc7 6. g3 a6 7. Bg2 Nf6 8. O-O Nxd4 9. Qxd4 Bc5 10. Bf4 d6 11. Qd3 h6 12. Na4 e5 13. Nxc5 dxc5 14. Be3 O-O 15. h3 b5 16. Qc3 c4 17. Rfd1 Bb7 18. f3 Nh5 19. Bf2 f5 20. exf5 Rxf5 21. Qe3 Raf8 22. g4 Rxf3 23. Bxf3 Rxf3 24. Qb6 Qf7 25. gxh5 Rxh3 26. Kf1 Rh1+ 27. Ke2 Qf3+ 28. Kd2 c3+ 29. bxc3 Qd5+ 30. Bd4 exd4 31. Rxh1 dxc3+ 32. Kxc3 Qc4+ 33. Kb2 Qb4+ 34. Kc1 Qf4+ 35. Kb1 Qb4+ 36. Kc1 Qf4+ 37. Kb2 Qb4+ 38. Kc1 1/2-1/2


[Site "https://www.chess.com"]

[Event "Titled Tuesday Blitz June 22 2021"]
[White "Mikhalevski, Victor"]
[Black "Rorrer, Grayson"]
[WhiteFideId "2801914"]
[BlackFideId "30944996"]
[WhiteElo "2567"]
[BlackElo "2531"]
[Result "0-1"]
[Round "05"]
[TimeControl "180+1"]
[Date "2021.06.22"]
[WhiteClock "0:00:07"]
[BlackClock "0:00:10"]

1. d4 Nf6 2. Nf3 e6 3. g3 b5 4. Bg2 Bb7 5. O-O c5 6. c3 Na6 7. a4 b4 8. Nbd2 Be7 9. Nc4 O-O 10. Bf4 Nd5 11. Bd6 Rc8 12. Bxe7 Qxe7 13. Na5 Ba8 14. c4 Nb6 15. Rc1 cxd4 16. Nxd4 Bxg2 17. Kxg2 Qg5 18. Nab3 Nxc4 19. Nf3 Qe7 20. Qd4 d5 21. Ne5 Qb7 22. Kg1 Nd6 23. Na5 Qb6 24. Qxb6 axb6 25. Nac6 Rc7 26. Nd4 Rfc8 27. Rc6 Nc4 28. Rxc7 Rxc7 29. Nb5 Rc8 30. Rc1 Nd6 31. Rxc8+ Nxc8 32. b3 Nc5 33. Nd4 Ne7 34. f4 Nf5 35. Nec6 Nxd4 36. Nxd4 f6 37. Kf2 e5 38. fxe5 fxe5 39. Nc6 Nxb3 40. Nxb4 Nc5 41. Nxd5 Nxa4 42. Ke3 Kf7 43. Ke4 Ke6 44. Nc7+ Kd6 45. Ne8+ Ke6 46. Nxg7+ Kf6 47. Ne8+ Ke6 48. Nc7+ Kd6 49. Nb5+ Ke6 50. g4 Nc5+ 51. Ke3 Kf6 52. h4 Ne6 53. Nc3 Nf4 54. Ke4 Ke6 55. g5 Ng6 56. h5 Nf4 57. h6 Nh3 58. Kd3 Nxg5 59. Kc4 Nf7 60. Ne4 Kf5 61. Ng3+ Kf4 62. Nh5+ Kg5 63. Ng3 Nxh6 64. Kd5 Nf5 65. Ne4+ Kf4 66. Nf6 h6 67. e4 Ne3+ 68. Ke6 Ng4 69. Nd5+ Kxe4 70. Nxb6 Kf3 71. Kf5 e4 72. Na4 e3 73. Nb2 e2 74. Nd3 Ne3+ 75. Kg6 Ng2 76. Kxh6 Ke3 77. Nb4 Kd2 78. Kg5 e1=Q 79. Kg6 Qe2 80. Kg5 Ne3 81. Kf6 Qc4 82. Na2 Qxa2 83. Ke5 Qc4 84. Kd6 Kd3 85. Ke5 Qd5+ 86. Kf6 Qf5+ 87. Ke7 Ke4 88. Kd6 Kd4 89. Kc7 Qe6 90. Kb7 Qd6 91. Kc8 Qe7 92. Kb8 Qd7 93. Ka8 Kc5 0-1


[Site "https://www.chess.com"]

[Event "Titled Tuesday Blitz June 22 2021"]
[White "Milchev, Nikolay"]
[Black "Lagarde, Maxime"]
[WhiteFideId "2906090"]
[BlackFideId "662399"]
[WhiteElo "2449"]
[BlackElo "2630"]
[Result "0-1"]
[Round "05"]
[TimeControl "180+1"]
[Date "2021.06.22"]
[WhiteClock "0:00:20"]
[BlackClock "0:00:10"]

1. Nf3 Nc6 2. d4 d6 3. c4 e5 4. Nc3 Nf6 5. dxe5 Nxe5 6. Nxe5 dxe5 7. Qxd8+ Kxd8 8. e3 c6 9. Bd2 Kc7 10. h3 h5 11. O-O-O Bf5 12. Be2 h4 13. Bf3 Nd7 14. Bg4 Bg6 15. Bxd7 Kxd7 16. e4 Kc7 17. Be3 Bb4 18. f3 Rad8 19. Kc2 b6 20. Rxd8 Rxd8 21. Bg5 Rh8 22. Rd1 f6 23. Be3 Bf7 24. b3 g5 25. Na4 Be7 26. c5 b5 27. Nb2 Be6 28. a3 Rb8 29. Kc3 a5 30. Nd3 Kc8 31. b4 Ra8 32. bxa5 Rxa5 33. Kb2 Kc7 34. Nb4 Ra8 35. Rd3 Bc4 36. Rd2 Be6 37. Rd1 Kb7 38. Rd2 Rf8 39. Nd5 cxd5 40. exd5 Bf5 41. Kc3 Ra8 42. Kb4 Ra4+ 43. Kxb5 Rxa3 44. c6+ Kc8 45. Bc5 Bxc5 46. Kxc5 Kc7 47. d6+ Kd8 48. Rb2 Ra5+ 49. Kb6 Rd5 50. d7 Bxd7 51. cxd7 Kxd7 52. Ra2 Ke6 53. Kc6 Rd1 54. Kc5 Kf5 55. Kc4 Kf4 56. Ra6 f5 57. Ra2 e4 58. fxe4 fxe4 59. Rf2+ Kg3 60. Re2 Rg1 61. Rxe4 Rxg2 62. Re3+ Kh2 63. Kd4 Rg3 64. Re2+ Kxh3 65. Ke4 Kg4 66. Rf2 h3 67. Rf8 Rg1 68. Rh8 Re1+ 69. Kd3 Kg3 70. Kd2 Re7 71. Rxh3+ Kxh3 0-1


[Site "https://www.chess.com"]

[Event "Titled Tuesday Blitz June 22 2021"]
[White "Molina, Roberto Junio Brito"]
[Black "Bortnyk, Olexandr"]
[WhiteFideId "2109450"]
[BlackFideId "14120828"]
[WhiteElo "2402"]
[BlackElo "2723"]
[Result "0-1"]
[Round "05"]
[TimeControl "180+1"]
[Date "2021.06.22"]
[WhiteClock "0:00:01"]
[BlackClock "0:00:16"]

1. d4 d6 2. e4 Nf6 3. Nc3 Nbd7 4. Nf3 e5 5. Bc4 Be7 6. O-O O-O 7. Re1 a6 8. a4 b6 9. d5 Nh5 10. Be3 Nf4 11. g3 Nh3+ 12. Kg2 Nf6 13. Nh4 g6 14. Bh6 Nxf2 15. Qe2 Bh3+ 16. Kg1 N6g4 17. Bxf8 Bxh4 18. gxh4 Qxh4 19. Qf3 Bf1 20. Qg3 Qxg3+ 21. hxg3 Bxc4 22. Be7 a5 23. Kg2 h6 24. Nb5 Bxb5 25. axb5 Kg7 26. Re2 Re8 27. Bh4 g5 28. Rxf2 Nxf2 29. Kxf2 gxh4 30. gxh4 f5 31. exf5 Rf8 32. Rg1+ Kh7 33. Ke3 Rxf5 34. Rg4 h5 35. Rc4 Rf7 36. Ra4 Kg6 37. c3 Kf6 38. Ra1 Rg7 39. Rf1+ Kg6 40. Rf8 Rf7 41. Rg8+ Kh7 0-1


[Site "https://www.chess.com"]

[Event "Titled Tuesday Blitz June 22 2021"]
[White "Mons, Leon"]
[Black "Sukandar, Irine Kharisma"]
[WhiteFideId "4614950"]
[BlackFideId "7101937"]
[WhiteElo "2492"]
[BlackElo "2313"]
[Result "1/2-1/2"]
[Round "05"]
[TimeControl "180+1"]
[Date "2021.06.22"]
[WhiteClock "0:00:11"]
[BlackClock "0:00:11"]

1. e4 e5 2. f4 d5 3. exd5 exf4 4. Nf3 Nf6 5. Bb5+ Bd7 6. Bxd7+ Nbxd7 7. c4 Bd6 8. Qe2+ Qe7 9. Qxe7+ Bxe7 10. d4 Bb4+ 11. Ke2 Nh5 12. a3 Be7 13. Nc3 O-O-O 14. Kd3 g5 15. Re1 Rde8 16. Bd2 f6 17. b4 Ng7 18. Re2 Bd8 19. Rae1 h5 20. Ne4 Nf5 21. c5 h4 22. h3 Ng7 23. Nc3 Rxe2 24. Rxe2 Re8 25. Ne4 Be7 26. b5 Kd8 27. a4 Bf8 28. Ne1 Nh5 29. Nc2 Ng3 30. Nxg3 fxg3 31. Rxe8+ Kxe8 32. Ke4 Kf7 33. Kf5 Be7 34. Ne3 Nf8 35. Ng4 Ng6 36. Nh6+ Kg7 37. Ke6 Kxh6 38. Kd7 Kg7 39. Kxc7 g4 40. d6 gxh3 41. gxh3 f5 42. dxe7 Nxe7 43. Kxb7 Nd5 44. Be1 f4 45. c6 f3 46. a5 f2 47. Bxf2 gxf2 48. b6 axb6 49. axb6 f1=Q 50. c7 Nxb6 51. Kxb6 Qb1+ 52. Kc6 Qc2+ 53. Kd7 Qd3 54. c8=Q Qxd4+ 55. Ke6 Qe4+ 56. Kd6 Qf4+ 57. Kd5 Qf3+ 58. Kd4 Qf4+ 59. Kd5 Qd2+ 60. Ke4 Qe2+ 61. Kf4 Qf2+ 62. Kg4 Qg3+ 63. Kh5 Kf6 64. Qd8+ Kf5 65. Qd7+ Kf6 66. Qd8+ Kf5 67. Qd7+ Kf6 68. Qd8+ 1/2-1/2


[Site "https://www.chess.com"]

[Event "Titled Tuesday Blitz June 22 2021"]
[White "Moroni, Luca Jr"]
[Black "Ogloblin, Nikolay"]
[WhiteFideId "865834"]
[BlackFideId "4139658"]
[WhiteElo "2491"]
[BlackElo "2296"]
[Result "1-0"]
[Round "05"]
[TimeControl "180+1"]
[Date "2021.06.22"]
[WhiteClock "0:00:20"]
[BlackClock "0:00:30"]

1. d4 Nf6 2. c4 e6 3. Nc3 Bb4 4. Nf3 b6 5. Qb3 a5 6. g3 Bb7 7. Bg2 O-O 8. O-O d5 9. cxd5 Nxd5 10. Nxd5 Bxd5 11. Qc2 Na6 12. Bf4 Bd6 13. Bxd6 Qxd6 14. a3 c5 15. Rad1 Rac8 16. Qb1 f5 17. dxc5 Qxc5 18. Rc1 Qe7 19. Rxc8 Rxc8 20. Rc1 Rxc1+ 21. Qxc1 Qc5 22. Qg5 h6 23. Qg6 Qe7 24. Ne5 Bxg2 25. Kxg2 Nc5 26. f3 a4 27. g4 fxg4 28. Nxg4 Kh8 29. Ne5 Kg8 30. Kf1 Qf6 31. Qxf6 gxf6 32. Nc4 Nd7 33. Ke1 Kf7 34. Kd2 e5 35. Kc3 Ke6 36. Kb4 Kd5 37. Ne3+ Ke6 38. Kxa4 f5 39. Kb5 e4 40. Nc4 exf3 41. exf3 f4 42. a4 h5 43. b4 h4 44. h3 Kf5 45. Kc6 Nf8 46. Nxb6 Ne6 47. Nd5 Nd4+ 48. Kc5 Nxf3 49. a5 Ne5 50. a6 f3 51. a7 f2 52. a8=Q Nd3+ 53. Kd4 1-0


[Site "https://www.chess.com"]

[Event "Titled Tuesday Blitz June 22 2021"]
[White "Mortazavi, Ali"]
[Black "Mikhailovsky, Vladimir"]
[WhiteFideId "401323"]
[BlackFideId "34105414"]
[WhiteElo "2339"]
[BlackElo "2314"]
[Result "1-0"]
[Round "05"]
[TimeControl "180+1"]
[Date "2021.06.22"]
[WhiteClock "0:00:14"]
[BlackClock "0:00:01"]

1. Nf3 g6 2. e4 Bg7 3. d4 d6 4. Nc3 a6 5. Be3 b5 6. a4 b4 7. Ne2 Bb7 8. Ng3 Nd7 9. Bd3 c5 10. c3 bxc3 11. bxc3 Ngf6 12. O-O O-O 13. h3 c4 14. Bc2 Qc7 15. Qd2 Rfb8 16. Bh6 Nf8 17. Nh4 e6 18. Bxg7 Kxg7 19. f4 Qe7 20. f5 Nxe4 21. Nxe4 Qxh4 22. Rf4 Qh6 23. fxe6 f5 24. d5 Bxd5 25. Qd4+ Kg8 26. Nf6+ Kh8 27. Nxd5+ Qg7 28. Qxg7+ Kxg7 29. Rxc4 Nxe6 30. Re1 Nc5 31. Re7+ Kg8 32. Nf6+ Kf8 33. Rxh7 Rb2 34. Bd1 Rb1 35. Rd4 1-0


[Site "https://www.chess.com"]

[Event "Titled Tuesday Blitz June 22 2021"]
[White "Muradli, Mahammad"]
[Black "Bakalchuk, Johnatan"]
[WhiteFideId "13409301"]
[BlackFideId "2810301"]
[WhiteElo "2482"]
[BlackElo "2507"]
[Result "1-0"]
[Round "05"]
[TimeControl "180+1"]
[Date "2021.06.22"]
[WhiteClock "0:00:06"]
[BlackClock "0:00:02"]

1. Nf3 g6 2. c4 c5 3. d4 cxd4 4. Qxd4 Nf6 5. b3 Nc6 6. Qd2 Bg7 7. Bb2 Ne4 8. Qc2 Bxb2 9. Qxb2 O-O 10. g3 Qb6 11. e3 d6 12. Nbd2 Bg4 13. Bg2 Qa5 14. O-O Nxd2 15. Nxd2 Rfc8 16. Ne4 Qh5 17. Nc3 Bf3 18. Bxf3 Qxf3 19. Nd5 Re8 20. Nc7 Ne5 21. Nxe8 Rxe8 22. Rad1 Qe4 23. f4 Ng4 24. Rfe1 e5 25. Qg2 Qf5 26. e4 Qc8 27. Rd5 Qc7 28. Qd2 exf4 29. gxf4 Nf6 30. Rd4 Qb6 31. Kh1 Re6 32. f5 gxf5 33. Rg1+ Kf8 34. exf5 Qc6+ 35. Qg2 Re4 36. Rdd1 Ng4 37. Rd2 d5 38. cxd5 Qe8 39. d6 Qe5 40. d7 Kg7 41. d8=Q Rf4 42. Qxg4+ Kh6 43. Qdh4# 1-0


[Site "https://www.chess.com"]

[Event "Titled Tuesday Blitz June 22 2021"]
[White "Najdin, Danil"]
[Black "Karthikeyan, Murali"]
[WhiteFideId "4172426"]
[BlackFideId "5074452"]
[WhiteElo "2193"]
[BlackElo "2564"]
[Result "0-1"]
[Round "05"]
[TimeControl "180+1"]
[Date "2021.06.22"]
[WhiteClock "0:00:06"]
[BlackClock "0:00:21"]

1. e4 c5 2. Nf3 Nc6 3. d4 cxd4 4. Nxd4 Nf6 5. Nc3 e6 6. Be3 Bb4 7. f3 d5 8. Bb5 Bd7 9. Bxc6 Bxc6 10. e5 Nd7 11. f4 Nb6 12. O-O Nc4 13. Qc1 O-O 14. Nce2 Rc8 15. c3 Bc5 16. b3 Nxe3 17. Qxe3 Bb5 18. Rfc1 Bxe2 19. Qxe2 Qb6 20. Qd2 a5 21. Kh1 Rc7 22. Nf3 Rfc8 23. Qd3 Be3 24. Ng5 g6 25. Rc2 Bxf4 26. Nf3 Qe3 27. Rd1 Rxc3 28. Rxc3 Rxc3 29. Qb5 Rc1 30. Rf1 Kg7 31. h3 Bxe5 32. Nxe5 Rxf1+ 33. Qxf1 Qxe5 34. Qb5 Qa1+ 35. Kh2 Qxa2 36. Qxb7 Qb2 37. Qb5 Qe5+ 38. Kh1 Qe1+ 39. Kh2 Qb4 40. Qd3 Qf4+ 41. Kh1 d4 42. Qb5 Qc1+ 43. Kh2 Qc7+ 44. Kh1 e5 45. Qd5 Qc1+ 46. Kh2 Qe1 47. Qd6 Qe3 48. Qd5 d3 49. Qxa5 d2 0-1


[Site "https://www.chess.com"]

[Event "Titled Tuesday Blitz June 22 2021"]
[White "Narayanan, Srinath"]
[Black "Zverev, Lev"]
[WhiteFideId "5018420"]
[BlackFideId "24250775"]
[WhiteElo "2472"]
[BlackElo "2109"]
[Result "1-0"]
[Round "05"]
[TimeControl "180+1"]
[Date "2021.06.22"]
[WhiteClock "0:00:06"]
[BlackClock "0:00:01"]

1. Nf3 Nf6 2. c4 e6 3. b3 d5 4. Bb2 Be7 5. g3 O-O 6. Bg2 c5 7. O-O d4 8. e3 Nc6 9. exd4 cxd4 10. Re1 Re8 11. Ne5 Nxe5 12. Rxe5 Nd7 13. Re1 e5 14. d3 Bb4 15. Nd2 Nc5 16. Qc2 Bf5 17. Bf1 e4 18. dxe4 Nxe4 19. Rxe4 Bxe4 20. Nxe4 Rc8 21. Bd3 f5 22. Nd2 g6 23. Nf3 Bc3 24. c5 Rxc5 25. Bc4+ Kg7 26. Bxc3 dxc3 27. Qxc3+ Qf6 28. Qxf6+ Kxf6 29. a4 a6 30. Rd1 b5 31. axb5 axb5 32. Bf1 Rc3 33. Nd4 b4 34. Ra1 Rd8 35. Ra6+ Kf7 36. Nb5 Rc1 37. Kg2 Rd2 38. Nd6+ Kg7 39. Nc4 Rdd1 40. Ne3 Rd2 41. Bc4 Rc3 42. Ra7+ Kh6 43. h4 Rxe3 44. Bg8 g5 45. Rxh7+ Kg6 46. h5+ Kf6 47. Rf7+ Ke6 48. Rf8+ Ke7 49. Rxf5 Re1 50. h6 Rdd1 51. Rxg5 Rg1+ 52. Kf3 Rh1 53. h7 Kf6 54. Rb5 Rd4 55. Ke3 Rg4 56. Rb6+ Kg7 57. Rb7+ Kh8 58. Rb8 Kg7 59. Rd8 Rg6 60. Rd4 Rb6 61. Rg4+ Kh8 62. Kf3 Rf6+ 63. Rf4 Rg6 64. Rxb4 Rf6+ 65. Kg2 Rh5 66. Rb8 Kg7 67. b4 Rhf5 68. f4 Rd6 69. h8=Q+ Kxh8 70. Be6+ Rf8 71. Rxf8+ Kg7 72. Rg8+ Kh7 73. Re8 1-0


[Site "https://www.chess.com"]

[Event "Titled Tuesday Blitz June 22 2021"]
[White "Nguyen, Ngoc Truong Son"]
[Black "Rojas Alarcon, Julian Antonio"]
[WhiteFideId "12401110"]
[BlackFideId "5107407"]
[WhiteElo "2596"]
[BlackElo "2333"]
[Result "1/2-1/2"]
[Round "05"]
[TimeControl "180+1"]
[Date "2021.06.22"]
[WhiteClock "0:00:06"]
[BlackClock "0:01:08"]

1. e4 c5 2. Nf3 d6 3. d4 cxd4 4. Nxd4 Nf6 5. Nc3 g6 6. Be3 Bg7 7. Bc4 Nc6 8. f3 Bd7 9. Qd2 O-O 10. Bb3 Qa5 11. h4 Ne5 12. h5 Nxh5 13. Bh6 Bxh6 14. Qxh6 Rfc8 15. O-O-O Rxc3 16. bxc3 Qxc3 17. Kb1 Nc4 18. Bxc4 Qxc4 19. Rxh5 gxh5 20. Qg5+ Kf8 21. Qh6+ Kg8 22. Qg5+ Kf8 23. Qxh5 Rc8 24. Qxh7 e5 25. Qh6+ Ke7 26. Qg5+ f6 27. Qg7+ Qf7 28. Qxf7+ Kxf7 29. Ne2 Ke7 30. Rh1 Rf8 31. g4 Bc6 32. Ng3 Bd7 33. Kc1 Be6 34. a3 d5 35. Kd2 dxe4 36. Nxe4 f5 37. gxf5 Bxf5 38. Ke3 Rc8 39. Rh5 Bxe4 40. Kxe4 Rxc2 41. Rh7+ Kd6 42. Rxb7 Rc4+ 43. Ke3 Ra4 44. Rb3 Kd5 45. Rd3+ Ke6 46. Rc3 Kd5 47. Rd3+ Ke6 48. Rc3 Kd5 49. Rd3+ 1/2-1/2


[Site "https://www.chess.com"]

[Event "Titled Tuesday Blitz June 22 2021"]
[White "Novik, Maxim"]
[Black "Svane, Frederik"]
[WhiteFideId "4102924"]
[BlackFideId "12923044"]
[WhiteElo "2406"]
[BlackElo "2459"]
[Result "1/2-1/2"]
[Round "05"]
[TimeControl "180+1"]
[Date "2021.06.22"]
[WhiteClock "0:01:29"]
[BlackClock "0:01:46"]

1. c4 e6 2. g3 d5 3. Nf3 Nf6 4. Bg2 Be7 5. O-O O-O 6. b3 b6 7. Bb2 Bb7 8. e3 c5 9. Nc3 Nc6 10. cxd5 Nxd5 11. Nxd5 Qxd5 12. Ne5 Qd6 13. d4 cxd4 14. Nxc6 Bxc6 15. Qxd4 Qxd4 16. Bxd4 Bxg2 17. Kxg2 Rfc8 18. Rac1 f6 19. Bb2 Kf7 20. Rxc8 Rxc8 21. Rc1 Rxc1 22. Bxc1 f5 23. f3 e5 24. e4 g6 25. Be3 Ke6 26. Kf2 Bd8 27. Ke2 a6 28. a4 b5 29. Kd3 Ba5 30. g4 fxg4 31. fxg4 Kd6 32. Ba7 Ke6 33. h3 Kd6 34. Be3 Ke6 35. Bc5 Kd7 1/2-1/2


[Site "https://www.chess.com"]

[Event "Titled Tuesday Blitz June 22 2021"]
[White "Ozen, Deniz"]
[Black "Potapova, Margarita"]
[WhiteFideId "6349196"]
[BlackFideId "14126869"]
[WhiteElo "2326"]
[BlackElo "2229"]
[Result "1-0"]
[Round "05"]
[TimeControl "180+1"]
[Date "2021.06.22"]
[WhiteClock "0:00:08"]
[BlackClock "0:00:03"]

1. d4 Nf6 2. Bf4 g6 3. Nc3 Bg7 4. e4 d5 5. e5 Ne4 6. Bd3 Nxc3 7. bxc3 c5 8. Nf3 c4 9. Be2 b5 10. O-O Nc6 11. Qd2 O-O 12. Rfb1 a6 13. h3 f6 14. exf6 exf6 15. Bf1 Bf5 16. a4 bxa4 17. Rb7 Rf7 18. Rxf7 Kxf7 19. Rxa4 a5 20. Qc1 Qd7 21. Ra1 a4 22. Nd2 Bf8 23. Nb1 Na7 24. Bh6 Bd6 25. Bf4 Bf8 26. Bh6 Be7 27. g4 Be6 28. g5 Bxh3 29. Bxh3 Qxh3 30. Rxa4 Bd6 31. Qe3 Qh2+ 32. Kf1 Bf4 33. Qf3 Ke6 34. Ra6+ Bd6 35. Qxf6+ Kd7 36. Qf7+ Be7 37. Qxd5+ Bd6 38. Qxa8 Qh1+ 39. Ke2 Qxa8 40. Na3 Qb7 41. Ra4 Nc6 42. Nxc4 Qb5 43. Kd3 Qxa4 44. Nb6+ Kc7 45. Nxa4 Ne7 46. Nc5 Nd5 47. Ne4 Nf4+ 48. Kc4 Be7 49. Nf6 Nh3 50. Nd5+ Kd7 51. Nxe7 Kxe7 52. Kd5 Nxf2 53. c4 Nd1 54. c5 Nc3+ 55. Kc6 Ne2 56. d5 Nd4+ 57. Kb7 Nxc2 58. d6+ Ke6 59. c6 Ne3 60. d7 Ke7 61. Kc8 Nd5 62. d8=Q+ Ke6 63. Qd7+ Ke5 64. Qxd5+ 1-0


[Site "https://www.chess.com"]

[Event "Titled Tuesday Blitz June 22 2021"]
[White "Pajeken, Jakob Leon"]
[Black "Lagno, Kateryna"]
[WhiteFideId "12942839"]
[BlackFideId "14109336"]
[WhiteElo "2024"]
[BlackElo "2608"]
[Result "0-1"]
[Round "05"]
[TimeControl "180+1"]
[Date "2021.06.22"]
[WhiteClock "0:00:18"]
[BlackClock "0:00:51"]

1. d4 Nf6 2. Nf3 g6 3. g3 Bg7 4. Bg2 d5 5. O-O O-O 6. Ne5 Nfd7 7. Bxd5 Nxe5 8. dxe5 Bxe5 9. Nc3 c6 10. Bg2 Bf5 11. Bh6 Re8 12. e4 Be6 13. f4 Bd4+ 14. Kh1 Bc4 15. Re1 Bf2 16. Qxd8 Rxd8 17. Red1 Na6 18. a3 f6 19. e5 Bd4 20. exf6 exf6 21. h4 Kf7 22. Kh2 Nc5 23. a4 a5 24. Ra3 Na6 25. Rc1 Be3 26. Re1 Bc5 27. Raa1 Nb4 28. Ne4 Be7 29. Rac1 Bd5 30. c3 Nd3 31. Red1 Nxc1 32. Rxc1 Bb3 33. Re1 Rd1 34. Re2 Rad8 35. Bf3 Bc4 36. Re3 R1d3 37. Rxd3 Bxd3 38. Nf2 Bc2 39. Kg2 Bxa4 40. f5 gxf5 41. Bh5+ Ke6 42. Nh3 Bc2 43. Nf4+ Kd7 44. Bf7 Kc8 45. Be6+ Kb8 46. Bg7 b5 47. Kf3 Be4+ 48. Ke2 b4 49. cxb4 axb4 50. h5 Kb7 51. h6 Kb6 52. b3 Ra8 53. Ke3 Ra2 54. Nd3 Rg2 55. g4 Rg3+ 56. Kd4 Rxd3+ 57. Kc4 Rc3+ 58. Kd4 Bc5# 0-1


[Site "https://www.chess.com"]